 Dungeon Crawl Stone Soup version 0.30-a0-1053-gbd8d5ba0ad (webtiles) character file.

Game seed: 2201009296896804095

798390 ledati the Axe Maniac (level 27, -5/249 HPs)
             Began as a Formicid Fighter on Apr 10, 2023.
             Was an Elder of Qazlal.
             Killed from afar by a Brimstone Fiend (55 damage)
             ... with damnation
             ... on level 27 of a ziggurat on Apr 12, 2023.
             The game lasted 08:35:33 (70804 turns).

ledati the Axe Maniac (Formicid Fighter)           Turns: 70804, Time: 08:35:35

Health: -5/249     AC: 50    Str: 32    XL:     27
Magic:  12/49      EV: 27    Int: 11    God:    Qazlal [****..]
Gold:   7253       SH: 48    Dex: 22    Spells: 26/26 levels left

rFire   + + +      SeeInvis +    W - +16 consecrated labrys {holy, Valiant Fragile Fly SInv}
rCold   + + .      Faith    .    z - +18 shield of the Gong {Loud rN+ Will+ rCorr EV-5}
rNeg    + + +      Spirit   .    f - +15 Maxwell's patent armour {-Cast -Tele rElec Will+ rCorr}
rPois   +          Reflect  +    (helmet unavailable)
rElec   +          Rampage  .    H - +2 cloak of the Thief {*Fog Slay-2 SInv Stlth+}
rCorr   +          Clarity  +    v - +3 pair of gauntlets of War {Slay+5}
Will    +++++      NoCast   +    F - +2 pair of boots "Cuthrukook" {rC+ rN++ Dex+3 Slay+2} Stlth
                                 i - amulet "Fimaqeipubb" {Reflect rF++ SH+5}
HPRegen 0.61/turn                a - ring of the Hare {EV+10}
MPRegen 0.31/turn                b - ring of Accord {rElec rPois rC+ MP+9 Dex+6}

@: protected from fire, flying, studying 5 skills, invisible, repel missiles,
unable to read
A: permanent stasis, dig shafts and tunnels, antennae 3, four strong arms,
clarity, strong-willed 1, inability to read after injury 2, MP-powered wands
}: 4/15 runes: serpentine, barnacled, silver, abyssal
a: Dig, Shaft Self, Renounce Religion, Upheaval, Elemental Force


You were on level 27 of a ziggurat.
You worshipped Qazlal.
Qazlal was greatly pleased with you.
You visited 10 branches of the dungeon, and saw 46 of its levels.
You visited the Abyss 1 time.
You visited 1 bazaar.
You visited 1 ziggurat, and saw 27 of its levels.
You also visited: Ice Cave, Volcano and Wizlab.

You collected 10123 gold pieces.
You spent 2870 gold pieces at shops.

Inventory:

Hand Weapons
 g - the +9 battleaxe "Qiugevad" {freeze, rElec rN++ Dex-3}
   (You took it off a frost giant on level 3 of the Depths)

   Dex:       It affects your dexterity (-3).
   rElec:     It insulates you from electricity.
   rN:        It greatly protects you from negative energy.
 j - the +10 morningstar "Eos" {elec, Halo rElec}
   (You found it on level 11 of a ziggurat)

   Halo:      It grants its wielder a halo, revealing invisible creatures and
   increasing accuracy against all within it other than the wielder.
   rElec:     It insulates you from electricity.
 t - the +8 morningstar of Rompiur {heavy, rPois Str+9 Dex-2}
   (You found it on level 3 of the Elven Halls)

   Str:       It affects your strength (+9).
   Dex:       It affects your dexterity (-2).
   rPois:     It protects you from poison.
 N - the +10 dagger of Insufficient Pleasure {flame, *Noise +Blink Will++ SInv}
   (You found it on level 3 of the Crypt)

   SInv:      It lets you see invisible.
   +Blink:    It lets you blink.
   *Noise:    It may make noises in combat.
   Will:      It greatly increases your willpower.
 W - the +16 consecrated labrys (weapon) {holy, Valiant Fragile Fly SInv}
   (You found it on level 3 of the Elven Halls)

   Valiant:   It becomes more powerful as more dangerous foes come into view.
   SInv:      It lets you see invisible.
   Fly:       It grants you flight.
   Fragile:   It will be destroyed if unequipped.
Armour
 d - a +8 tower shield of reflection
 f - the +15 Maxwell's patent armour (worn) {-Cast -Tele rElec Will+ rCorr}
   (You acquired it on level 2 of the Dungeon)

   rElec:     It insulates you from electricity.
   -Cast:     It prevents spellcasting.
   -Tele:     It prevents most forms of teleportation.
   rCorr:     It protects you from acid and corrosion.
   Will:      It increases your willpower.
 v - the +3 pair of gauntlets of War (worn) {Slay+5}
   (You found it on level 4 of the Shoals)

   Slay:      It affects your accuracy & damage with ranged weapons and melee
   (+5).
 z - the +18 shield of the Gong (worn) {Loud rN+ Will+ rCorr EV-5}
   (You found it on level 23 of a ziggurat)

   Loud:      It is deafeningly noisy when blocking attacks.
   EV:        It affects your evasion (-5).
   rN:        It protects you from negative energy.
   rCorr:     It protects you from acid and corrosion.
   Will:      It increases your willpower.
 F - the +2 pair of boots "Cuthrukook" (worn) {rC+ rN++ Dex+3 Slay+2}
   (You found it on level 20 of a ziggurat)

   Dex:       It affects your dexterity (+3).
   Slay:      It affects your accuracy & damage with ranged weapons and melee
   (+2).
   rC:        It protects you from cold.
   rN:        It greatly protects you from negative energy.
 H - the +2 cloak of the Thief (worn) {*Fog Slay-2 SInv Stlth+}
   (You found it on level 25 of a ziggurat)

   *Fog:      It may release a thick cloud of smoke when the wearer is hurt.
   Slay:      It affects your accuracy & damage with ranged weapons and melee
   (-2).
   SInv:      It lets you see invisible.
   Stlth:     It makes you more stealthy.
 O - the +0 pair of gloves of Gihas {rN++ Will+ Slay-5}
   (You found it on level 5 of the Vaults)

   Slay:      It affects your accuracy & damage with ranged weapons and melee
   (-5).
   rN:        It greatly protects you from negative energy.
   Will:      It increases your willpower.
 P - +0 gold dragon scales
Jewellery
 a - the ring of the Hare (left hand) {EV+10}
   (You found it on level 26 of a ziggurat)

   [ring of evasion]

   EV:        It affects your evasion (+10).
 b - the ring of Accord (right hand) {rElec rPois rC+ MP+9 Dex+6}
   (You found it on level 3 of the Elven Halls)

   [ring of protection from cold]

   Dex:       It affects your dexterity (+6).
   rC:        It protects you from cold.
   rElec:     It insulates you from electricity.
   rPois:     It protects you from poison.
   MP:        It affects your magic capacity (+9).
 h - the ring of the Townfolk {rF+ AC+4}
   (You found it on level 25 of a ziggurat)

   [ring of protection]

   AC:        It affects your AC (+4).
   rF:        It protects you from fire.
 i - the amulet "Fimaqeipubb" (around neck) {Reflect rF++ SH+5}
   (You found it on level 3 of the Elven Halls)

   [amulet of reflection]

   It reflects blocked missile attacks.
   rF:        It greatly protects you from fire.
   SH:        It affects your SH (+5).
 k - the ring of Nuechuasa {rF+ rN++ Str+3}
   (You found it on level 26 of a ziggurat)

   [ring of protection from fire]

   Str:       It affects your strength (+3).
   rF:        It protects you from fire.
   rN:        It greatly protects you from negative energy.
 l - the amulet "Iskiof" {Reflect *Corrode rElec Str+3 Dex+2 SH+5}
   (You found it on level 10 of a ziggurat)

   [amulet of reflection]

   It reflects blocked missile attacks.
   Str:       It affects your strength (+3).
   Dex:       It affects your dexterity (+2).
   rElec:     It insulates you from electricity.
   *Corrode:  It may corrode you when you take damage.
   SH:        It affects your SH (+5).
 s - the ring of Vojy {Contam rElec rN+ Slay+6}
   (You found it on level 3 of the Crypt)

   [ring of positive energy]

   Slay:      It affects your accuracy & damage with ranged weapons and melee
   (+6).
   rElec:     It insulates you from electricity.
   rN:        It protects you from negative energy.
   Contam:    It causes magical contamination when unequipped.
 I - the amulet of Vitality {RegenMP++ Regen++}
   (You found it on level 5 of the Vaults)

   [amulet of magic regeneration]

   It increases your rate of magic regeneration.
   Regen:     It increases your rate of health regeneration.
 L - the ring "Gixzifo" {Will+ Str+5 Stlth+}
   (You found it on level 1 of the Snake Pit)

   [ring of willpower]

   Str:       It affects your strength (+5).
   Will:      It increases your willpower.
   Stlth:     It makes you more stealthy.
 S - the amulet of Utsatisu {Spirit -Tele rF+ rN+ Dex+3}
   (You found it on level 26 of a ziggurat)

   [amulet of guardian spirit]

   It causes incoming damage to be divided between your reserves of health and
   magic.
   Dex:       It affects your dexterity (+3).
   rF:        It protects you from fire.
   rN:        It protects you from negative energy.
   -Tele:     It prevents most forms of teleportation.
 T - the ring "Giomnis" {rF+ rN+}
   (You found it in an ice cave)

   [ring of positive energy]

   rF:        It protects you from fire.
   rN:        It protects you from negative energy.
 U - the ring "Dolus" {rPois rN+ Will+}
   (You found it on level 8 of a ziggurat)

   [ring of poison resistance]

   rPois:     It protects you from poison.
   rN:        It protects you from negative energy.
   Will:      It increases your willpower.
Wands
 r - a wand of acid (25)
 J - a wand of polymorph (19)
 R - a wand of charming (32)
 V - a wand of roots (35)
Scrolls
 m - 5 scrolls of enchant armour
 o - 9 scrolls of vulnerability
 x - 4 scrolls of silence
 y - 9 scrolls of fog
 B - 3 scrolls of immolation
 C - 3 scrolls of butterflies
 G - 7 scrolls of torment
 M - 11 scrolls of poison
 X - 13 scrolls of fear
Potions
 e - 14 potions of curing
 u - 2 potions of ambrosia
 E - a potion of cancellation
 K - 4 potions of magic
 Y - a potion of resistance
Miscellaneous
 c - a phantom mirror
 n - a box of beasts
 p - a lightning rod (4/4)
 w - a piece from Xom's chessboard (15/15)
 A - a tin of tremorstones (1/2)
 D - a condenser vane (inert) (quivered)
 Q - a phial of floods


   Skills:
 O Level 27 Fighting
 O Level 27 Axes
 O Level 27 Armour
 + Level 19.1 Dodging
 O Level 27 Shields
 O Level 27 Invocations
 + Level 26.3 Evocations


You had 26 spell levels left.
You didn't know any spells.
Your spell library contained the following spells:

 Spells                   Type           Power      Damage    Failure   Level
 Apportation              Tloc           0%         N/A       67%         1
 Beastly Appendage        Tmut           0%         N/A       67%         1
 Foxfire                  Conj/Fire      0%         2x1d4     67%         1
 Freeze                   Ice            0%         1d3       67%         1
 Magic Dart               Conj           0%         1d3       67%         1
 Necrotise                Necr           0%         1d4       67%         1
 Sandblast                Erth           0%         2d4       67%         1
 Shock                    Conj/Air       0%         1d3       67%         1
 Slow                     Hex            0%         N/A       67%         1
 Sting                    Tmut/Pois      0%         1d3       67%         1
 Summon Small Mammal      Summ           0%         N/A       67%         1
 Call Imp                 Summ           0%         N/A       80%         2
 Cigotuvi's Dreadful Rot  Necr/Pois/Air  0%         N/A       80%         2
 Ensorcelled Hibernation  Hex/Ice        0%         N/A       80%         2
 Lesser Beckoning         Tloc           0%         N/A       80%         2
 Momentum Strike          Conj/Tloc      0%         3d8       80%         2
 Passwall                 Tmut/Erth      0%         N/A       80%         2
 Poisonous Vapours        Pois/Air       0%         N/A       80%         2
 Searing Ray              Conj           0%         2d4       80%         2
 Sublimation of Blood     Necr           0%         N/A       80%         2
 Wereblood                Tmut           0%         N/A       80%         2
 Call Canine Familiar     Summ           0%         N/A       95%         3
 Confusing Touch          Hex            0%         N/A       95%         3
 Dazzling Flash           Conj/Hex       0%         N/A       95%         3
 Frozen Ramparts          Ice            0%         1d1       95%         3
 Gell's Gravitas          Tloc           0%         N/A       95%         3
 Hailstorm                Conj/Ice       0%         3d3       95%         3
 Ignite Poison            Fire/Tmut/Pois 0%         N/A       95%         3
 Inner Flame              Hex/Fire       0%         N/A       95%         3
 Mephitic Cloud           Conj/Pois/Air  0%         N/A       95%         3
 Portal Projectile        Hex/Tloc       0%         N/A       95%         3
 Spider Form              Tmut/Pois      0%         N/A       95%         3
 Stone Arrow              Conj/Erth      0%         3d7       95%         3
 Summon Guardian Golem    Hex/Summ       0%         N/A       95%         3
 Teleport Other           Tloc           0%         N/A       95%         3
 Vampiric Draining        Necr           0%         2d6       95%         3
 Anguish                  Hex/Necr       0%         N/A       100%        4
 Animate Armour           Summ/Erth      0%         N/A       100%        4
 Animate Dead             Necr           0%         N/A       100%        4
 Dispel Undead            Necr           0%         3d6       100%        4
 Flame Wave               Conj/Fire      0%         2d4       100%        4
 Ice Form                 Ice/Tmut       0%         N/A       100%        4
 Leda's Liquefaction      Hex/Erth       0%         N/A       100%        4
 Manifold Assault         Tloc           0%         N/A       100%        4
 Olgreb's Toxic Radiance  Pois           0%         N/A       100%        4
 Petrify                  Tmut/Erth      0%         N/A       100%        4
 Sticky Flame             Conj/Fire      0%         2d3       100%        4
 Summon Ice Beast         Ice/Summ       0%         N/A       100%        4
 Agony                    Necr           0%         N/A       100%        5
 Alistair's Intoxication  Tmut/Pois      0%         N/A       100%        5
 Arcjolt                  Conj/Air       0%         1d10      100%        5
 Borgnjor's Vile Clutch   Necr/Erth      0%         N/A       100%        5
 Fireball                 Conj/Fire      0%         3d3       100%        5
 Freezing Cloud           Conj/Ice/Air   0%         6-21      100%        5
 Irradiate                Conj/Tmut      0%         3d11      100%        5
 Iskenderun's Battlesphe  Conj           0%         2d6       100%        5
 Metabolic Englaciation   Hex/Ice        0%         N/A       100%        5
 Silence                  Hex/Air        0%         N/A       100%        5
 Yara's Violent Unravell  Hex/Tmut       0%         3d3       100%        5
 Conjure Ball Lightning   Conj/Air       0%         3x3d6     100%        6
 Death Channel            Necr           0%         N/A       100%        6
 Dispersal                Tloc           0%         N/A       100%        6
 Eringya's Noxious Bog    Tmut/Pois      0%         N/A       100%        6
 Iron Shot                Conj/Erth      0%         9d1       100%        6
 Plasma Beam              Fire/Air       0%         2x1d11    100%        6
 Simulacrum               Ice/Necr       0%         N/A       100%        6
 Starburst                Conj/Fire      0%         6d3       100%        6
 Statue Form              Tmut/Erth      0%         N/A       100%        6
 Dragon Form              Tmut           0%         N/A       100%        7
 Enfeeble                 Hex            0%         N/A       100%        7
 Haunt                    Necr/Summ      0%         N/A       100%        7
 Malign Gateway           Summ/Tloc      0%         N/A       100%        7
 Orb of Destruction       Conj           0%         9d5       100%        7
 Ozocubu's Refrigeration  Ice            0%         4d7       100%        7
 Spellforged Servitor     Conj/Summ      0%         N/A       100%        7
 Storm Form               Tmut/Air       0%         N/A       100%        7
 Borgnjor's Revivificati  Necr           0%         N/A       100%        8
 Disjunction              Tloc           0%         N/A       100%        8
 Ignition                 Fire           0%         3d3       100%        8
 Infestation              Necr           0%         N/A       100%        8
 Lehudib's Crystal Spear  Conj/Erth      0%         10d2      100%        8
 Maxwell's Capacitive Co  Air            0%         ∞         100%        8
 Necromutation            Tmut/Necr      0%         N/A       100%        8
 Summon Horrible Things   Summ           0%         N/A       100%        8
 Chain Lightning          Conj/Air       0%         N/A       100%        9
 Death's Door             Necr           0%         N/A       100%        9
 Fire Storm               Conj/Fire      0%         5d1       100%        9
 Polar Vortex             Ice            0%         N/A       100%        9
 Shatter                  Erth           0%         3d5*      100%        9
 Blink                    Tloc           Unusable   N/A       N/A         2
 Swiftness                Air            Unusable   N/A       N/A         3
 Vhi's Electric Charge    Tloc/Air       Unusable   N/A       N/A         3

Dungeon Overview and Level Annotations

Branches:
Dungeon (15/15)            Temple (1/1) D:6            Lair (5/5) D:10
 Shoals (4/4) Lair:3        Snake (4/4) Lair:2        Slime (0/5) Lair:5
    Orc (2/2) D:9             Elf (3/3) Orc:2        Vaults (5/5) D:14
  Crypt (3/3) Vaults:2       Tomb (0/3) Crypt:3      Depths (4/4) D:15
    Zot (0/5) Depths:4      IceCv (visited)         Volcano (visited)
 WizLab (visited)

Altars:
Ashenzari
Cheibriados
Dithmenos
Elyvilon
Fedhas
Gozag
Hepliaklqana
Kikubaaqudgha
Makhleb
Nemelex Xobeh
Okawaru
Qazlal
Ru
Sif Muna
Trog
Uskayaw
Vehumet
Wu Jian
Xom
Yredelemnul
Zin
The Shining One
Jiyva

Shops:
D:6 (   Orc:1 (   Orc:2 [(:[   Elf:2 =   Elf:3 ?   Shoals:3 (   Snake:3 =*([
Snake:4 *   Vaults:2 [   Vaults:3 (   Vaults:4 :(:!   Depths:2 :
Depths:3 [*?(=   Depths:4 !:

Portals:
Hell: Depths:1 Depths:2 Depths:3 Depths:4
Abyss: Depths:2 Depths:3 Depths:4
Pandemonium: Depths:2

Annotations:
D:7 4 runed translucent doors
D:8 exclusion: ice statue
Lair:5 exclusion: 4 oklob plants


Innate Abilities, Weirdness & Mutations

You cannot be hasted, slowed, berserked, paralysed or teleported.
You can dig through walls and to a lower floor.
You have a pair of large antennae on your head. (SInv)
Your four strong arms can wield two-handed weapons with a shield.
You possess an exceptional clarity of mind.
You are strong-willed. (Will+)
You sometimes lose the ability to read scrolls when taking damage.
You expend magic power (3 MP) to strengthen your wands.


Message History

Qazlal accepts your kill.
You feel a bit more experienced.
Your air elemental hits the hellephant!
Your air elemental fires a burst of electricity at the hellephant.
The stunning burst hits your air elemental.
Your air elemental completely resists.
The stunning burst hits the hellephant!
The hellephant is paralysed.
Your fire elemental hits the hellephant.
Your fire elemental burns the hellephant!
Your air elemental hits the searing wretch.
Your air elemental hits the hellephant!
Your air elemental fires a burst of electricity at the hellephant.
The stunning burst hits your air elemental.
Your air elemental completely resists.
The stunning burst hits the hellephant but does no damage.
The stunning burst hits the searing wretch!
The searing wretch is paralysed.
Your air elemental fires a burst of electricity at the hellephant.
The stunning burst hits your air elemental.
Your air elemental completely resists.
The stunning burst hits the hellephant.
Qazlal accepts your kill.
You feel a bit more experienced.
Your air elemental fires a burst of electricity at the hellephant.
The stunning burst hits your fire elemental.
Your fire elemental resists.
The stunning burst hits the hellephant!
The hellephant dies!
Qazlal accepts your kill.
The stunning burst hits the searing wretch!
Your air elemental hits the searing wretch!
The Brimstone Fiend hits your fire elemental!!
Your fire elemental is destroyed!
Your fire elemental disappears in a puff of smoke!
The searing wretch barely misses your air elemental.
The searing wretch claws your air elemental!!
Your air elemental's fire resistance is stripped away!
The searing wretch bites your air elemental but does no damage.
The Brimstone Fiend gestures at you.
The sphere of damnation explodes!
The damnation engulfs you!!!
You die...

▓▓▓▓▓▓.........
▓.............≈....≈Y≈≈.≈
▓...........≈≈..≈...)≈..≈
▓.........≈....≈.....≈≈.≈
▓................≈≈)≈§≈.)
▓..............≈.§§.§§≈)≈
▓...............§§1E§§§§.
▓.............○.@§§E§E§§≈
▓∩...........≈..○§§E§E§n.
▓............≈..○).E§§nn.
▓..............°..§E☼E1§.
▓...........≈.......≈.§§.
▓..........≈≈.....≈.)§≈..
▓........................
▓................≈≈≈.....
▓.................≈......


You could see a hellephant (unable to see you), 3 searing wretches, 2 Brimstone
Fiends and 8 friendly air elementals.

Vanquished Creatures
  The ghost of Vuopse the Conqueror, a legendary GnIE of Ashenzari (Zig:21)
  The ghost of astronautguy the Formicid Barricade, a legendary FoEE of Makhleb (Zig:21)
  The ghost of scarywalker64 the Petrodigitator, a legendary GrEE of Vehumet (Zig:21)
  A pandemonium lord (Zig:9)
  3 dread liches
  The ghost of BerryKnight the Divine Blade, a legendary DgFi (Zig:21)
  Mara (Elf:3)
  The ghost of Ucrups the Swordmaster, a legendary MiFi of the Shining One (Zig:21)
  10 ancient liches
  The ghost of Fueng the Immaculate, a legendary HOFi of Zin (Zig:21)
  The ghost of Fueng the Immaculate, a legendary HOFi of Zin (Zig:21)
  7 juggernauts
  A royal mummy (Crypt:3)
  3 Killer Klowns
  Vashnia (Snake:2)
  Margery (Vaults:5)
  The ghost of WeeknightWizard the Sorcerer, a veteran DEFE of Vehumet (Zig:21)
  Saint Roka (Vaults:3)
  Xtahua (Vaults:4)
  Nikola (Elf:1)
  4 caustic shrikes
  5 golden dragons
  4 profane servitors
  A pearl dragon (Zig:13)
  7 electric golems (Zig:25)
  9 bone dragons
  8 iron giants
  6 hellephants
  An Ice Fiend (Depths:3)
  5 Brimstone Fiends
  4 Hell Sentinels
  12 liches
  6 tentacled monstrosities
  4 deep elf master archers
  6 quicksilver dragons
  Mlioglotl (Snake:4)
  5 deep elf blademasters
  12 acid blobs
  5 searing wretches (Zig:27)
  18 titans
  13 ancient champions
  A walking frostbound tome (Depths:4)
  A quicksilver dragon (shapeshifter) (Zig:5)
  A kraken (Shoals:1)
  The ghost of Naox the Unseen, an adept KoAr of Uskayaw (Vaults:1)
  2 Executioners
  23 tentacled starspawn
  17 sphinxes
  The ghost of Pooter the Executioner, an adept MiBe of Trog (Elf:1)
  9 tengu reavers
  A storm dragon (shapeshifter) (Zig:5)
  6 shadow dragons
  11 revenants
  Agnes (D:15)
  3 rockslimes
  The ghost of Diczilox the Cloud Mage, an adept OpWn of Gozag (Shoals:3)
  A draconian monk (Depths:4)
  Ilsuiw (Shoals:4)
  27 nagarajas
  11 storm dragons
  The ghost of math4jedi the Protected, a journeyman MiBe of Trog (Shoals:3)
  2 quicksilver elementals (Zig:18)
  5 azure jellies
  The ghost of cheesebisquit the Brawler, a journeyman TrFi of Okawaru (Orc:1)
  11 fire giants
  21 frost giants
  5 iron dragons
  12 balrugs
  A daeva (Zig:15)
  A draconian scorcher (Zig:15)
  2 deep elf sorcerers
  9 ghost moths (Zig:24)
  22 vault wardens
  10 curse skulls
  A juggernaut zombie (Crypt:3)
  An orc warlord (Orc:1)
  2 draconian shifters (Zig:26)
  9 ghouls
  3 emperor scorpions (Zig:24)
  4 quicksilver oozes
  2 angels (Depths:1)
  2 cacodemons
  A draconian annihilator (Depths:4)
  A demonspawn corrupter (Zig:26)
  6 deep elf elementalists
  2 spriggan defenders
  27 stone giants
  33 very ugly things
  6 ironbound thunderhulks
  9 war gargoyles
  19 ironbound preservers
  5 reapers
  7 deep elf demonologists
  9 vampire knights
  13 deep elf annihilators
  Nessos (D:13)
  2 black draconians
  A putrid mouth (Zig:26)
  3 demonspawn black suns (Zig:21)
  A green draconian (Depths:4)
  A white draconian (Depths:4)
  15 spark wasps
  9 dire elephants
  2 lorocyprocas
  A minotaur (Depths:1)
  A red draconian (Abyss:4)
  14 eidola
  A blizzard demon (Abyss:2)
  11 deep elf death magi
  An iron golem (Zig:18)
  A crystal guardian (Zig:13)
  6 mummy priests (Crypt:3)
  14 merfolk impalers
  21 yaktaur captains
  23 ettins
  6 merfolk javelineers
  4 deep elf high priests
  18 jiangshi
  13 entropy weavers
  14 fire dragons
  3 rakshasas
  40 salamander tyrants
  11 ice dragons
  32 vault guards
  A peacekeeper (Vaults:2)
  7 hydras
  Fannar (Lair:1)
  8 great orbs of eyes
  10 centaur warriors
  A caustic shrike simulacrum (Depths:3)
  10 boulder beetles
  11 ironbound frosthearts
  12 spriggan air magi
  A radroach (Zig:24)
  3 ogre magi
  A bennu zombie (Crypt:3)
  A ghost crab (Zig:21)
  A jorogumo (Zig:24)
  3 merfolk aquamancers (Shoals:4)
  4 merfolk avatars (Shoals:4)
  2 satyrs
  A two-headed ogre (shapeshifter) (Vaults:1)
  5 alligator snapping turtles
  23 naga warriors
  12 anacondas
  8 death knights
  6 tengu warriors
  22 thrashing horrors
  9 two-headed ogres
  Urug (Lair:1)
  An alligator (shapeshifter) (Vaults:4)
  A death scarab (Zig:1)
  7 death yaks
  6 deep troll shamans
  15 vampire magi
  8 spriggan berserkers
  19 shock serpents
  18 naga sharpshooters
  The ghost of PyroL the Tormented, a novice DsNe of Kikubaaqudgha (D:8)
  41 dancing weapons
  7 deep troll earth magi
  5 soul eaters
  4 hell hogs
  32 large abominations
  An orc high priest (Zig:6)
  7 crystal echidnas (Zig:18)
  2 sun demons
  17 deep elf knights
  A titan skeleton (Depths:2)
  10 iron trolls
  21 hell knights
  3 sixfirhies
  A sun moth (Zig:24)
  7 shadow wraiths
  16 skeletal warriors
  21 wretched stars
  2 spatial maelstroms
  14 sea snakes
  7 skysharks
  A death drake (Zig:8)
  6 salamander mystics
  A deep troll (shapeshifter) (Vaults:5)
  Lodul (D:13)
  2 pharaoh ants (Zig:24)
  A golden dragon zombie (Depths:2)
  25 phantasmal warriors
  18 deep elf archers
  56 slime creatures
  5 orb spiders (Zig:24)
  6 glowing orange brains
  8 naga ritualists
  A swamp dragon (shapeshifter) (Abyss:4)
  4 bog bodies
  8 harpies
  24 ironbound convokers
  A swamp dragon (Zig:8)
  13 flayed ghosts
  6 lindwurms
  2 steelbarb worms (Zig:24)
  56 deep trolls
  2 orange crystal statues
  4 wizards
  Pikel (D:6)
  41 deep elf pyromancers
  A mana viper (shapeshifter) (Zig:5)
  9 necromancers
  5 orc sorcerers
  5 wolf spiders
  A jorogumo zombie (Crypt:3)
  45 deep elf zephyrmancers
  6 shining eyes
  15 orc knights
  15 ugly things
  11 salamanders
  12 fauns
  12 mana vipers
  18 manticores
  9 elephants
  A frost giant zombie (Crypt:1)
  A faun (shapeshifter) (Depths:1)
  3 will-o-the-wisps
  4 worldbinders
  4 moths of wrath (Zig:24)
  2 iron dragon skeletons
  6 ice statues
  A rust devil (Depths:2)
  18 guardian serpents
  An eye of devastation (Zig:17)
  A guardian serpent (shapeshifter) (D:14)
  16 cyclopes
  A black mamba (shapeshifter) (Zig:16)
  A shock serpent zombie (Crypt:3)
  2 water nymphs
  A fire giant skeleton (Depths:2)
  10 merfolk sirens
  9 smoke demons
  65 black mambas
  28 naga magi
  Joseph (D:8)
  6 apocalypse crabs
  A gargoyle (D:12)
  3 torpor snails
  An eye of devastation (shapeshifter) (Elf:1)
  An elephant slug zombie (Crypt:2)
  A rime drake (shapeshifter) (D:14)
  An orange demon (Depths:2)
  14 cane toads
  An unseen horror (Abyss:4)
  A yellow draconian zombie (Crypt:3)
  28 vault sentinels
  4 demonic crawlers (Zig:24)
  5 kobold demonologists
  26 yaktaurs
  4 hellions
  7 rime drakes
  17 freezing wraiths
  An efreet (Abyss:3)
  4 tormentors
  An alligator snapping turtle skeleton (Crypt:3)
  6 komodo dragons
  12 ice devils (IceCv)
  33 guardian mummies (Crypt:3)
  A tengu conjurer (Depths:1)
  2 anaconda simulacra (IceCv)
  9 ancient zymes
  2 silent spectres
  8 trolls
  A catoblepas skeleton (Crypt:1)
  A merfolk (shapeshifter) (Vaults:5)
  A meliai (shapeshifter) (Elf:3)
  A red draconian skeleton (Crypt:2)
  A death drake zombie (Crypt:1)
  4 meliai (Zig:24)
  4 tyrant leeches (Abyss:2)
  4 hellwings (Abyss:4)
  A troll (shapeshifter) (Zig:6)
  4 polar bears
  5 hornets
  A tyrant leech (shapeshifter) (D:14)
  6 wind drakes
  A tarantella (Vaults:4)
  29 merfolk
  A mana viper skeleton (Crypt:2)
  A shadow dragon simulacrum (Depths:3)
  14 blink frogs
  27 raiju
  7 snapping turtles
  A meliai zombie (Crypt:2)
  6 dream sheep
  2 slime creatures (shapeshifter)
  13 flying skulls
  A spriggan (Lair:2)
  10 water elementals
  Sigmund (D:3)
  A satyr skeleton (Crypt:3)
  10 ynoxinuls
  10 air elementals
  2 culicivoras
  A jumping spider (Zig:24)
  2 jumping spiders (shapeshifter)
  50 yaks
  13 wyverns
  4 fire bats
  3 shadows
  20 wraiths
  4 dire elephant simulacra (IceCv)
  7 ushabtiu
  5 fire elementals
  7 golden eyes
  3 steam dragons
  4 basilisks
  13 chaos spawn
  3 vampire mosquitoes (D:13)
  15 neqoxecs
  16 redbacks
  3 death yak simulacra (IceCv)
  8 wargs
  A glowing shapeshifter zombie (Crypt:1)
  A water nymph zombie (Crypt:2)
  5 spatial vortices (Abyss:4)
  A harpy simulacrum (IceCv)
  41 nagas
  A skyshark zombie (Crypt:1)
  18 water moccasins
  2 hydra simulacra
  4 acid dragons
  A swamp drake (Zig:8)
  A black bear (shapeshifter) (D:14)
  5 ice beasts
  An ice beast (shapeshifter) (Depths:2)
  4 sky beasts
  42 orc warriors
  3 black bears
  22 ogres
  6 boggarts
  The ghost of oldplebian the Poker, an amateur MfGl (D:3)
  2 tengu (Abyss:4)
  16 wolves
  24 centaurs
  A phantom (D:4)
  5 kobold brigands
  11 bullfrogs
  3 earth elementals
  2 gnoll sergeants (D:9)
  A wyvern zombie (Crypt:1)
  A glowing shapeshifter simulacrum (Depths:2)
  4 necrophages (Crypt:3)
  A scorpion (D:6)
  A cane toad simulacrum (IceCv)
  15 wights
  18 small abominations
  A polar bear zombie (Crypt:2)
  2 elephant simulacra (IceCv)
  15 killer bees
  A shapeshifter skeleton (Crypt:1)
  6 howler monkeys
  3 electric eels
  2 quasits (Abyss:4)
  10 orc priests
  2 jellies
  2 gnoll boudas
  3 hounds
  2 sleepcaps
  55 starcursed masses
  Jessica (D:2)
  2 iguanas
  15 orc wizards
  4 hell rats (Lair:2)
  A spriggan simulacrum (IceCv)
  6 polar bear simulacra (IceCv)
  2 troll simulacra (IceCv)
  8 wolf simulacra (IceCv)
  A naga skeleton (Crypt:1)
  28 mummies
  18 gnolls
  A howler monkey skeleton (Crypt:1)
  10 adders
  2 shadow imps (D:8)
  3 white imps
  4 ufetubi
  A jelly zombie (Crypt:1)
  2 worms (D:4)
  5 dart slugs
  103 orcs
  7 bats
  5 endoplasms
  2 giant cockroaches
  5 goblins
  A hobgoblin (shapeshifter) (Elf:3)
  6 hobgoblins
  5 jackals
  2 quokkas (D:1)
  A river rat zombie (Crypt:2)
  3 ball pythons
  A ball python skeleton (Crypt:2)
  6 frilled lizards
  22 kobolds
  4 rats
  A fire vortex (Zig:21)
  3 lurking horrors (Abyss:4)
  17 starspawn tentacles
  5 tentacles (Shoals:1)
3155 creatures vanquished.

Vanquished Creatures (collateral kills)
  A Brimstone Fiend (Zig:27)
  2 hellephants (Zig:27)
  A walking crystal tome (Zig:13)
  2 searing wretches (Zig:27)
  The ghost of Inwioxo the Spry, an adept KoHu of Gozag (Shoals:1)
  A fire giant (Zig:27)
  2 balrugs (Zig:27)
  An emperor scorpion (Zig:24)
  A ghost moth (Zig:24)
  An orange crystal statue (WizLab)
  An entropy weaver (Zig:24)
  A salamander tyrant (Zig:27)
  A jorogumo (Zig:24)
  An ironbound frostheart (Vaults:3)
  A radroach (Zig:24)
  A pharaoh ant (Zig:24)
  5 orb spiders (Zig:24)
  A steelbarb worm (Zig:24)
  A deep elf pyromancer (Elf:2)
  2 smoke demons (Zig:13)
  A tarantella (Zig:24)
  2 jumping spiders (Zig:24)
  An air elemental (Zig:25)
  A culicivora (Zig:24)
  A redback (Zig:24)
  3 orc warriors (Vaults:3)
  An orc priest (Vaults:3)
38 creatures vanquished.

Vanquished Creatures (others)
  The ghost of sleeves the Demon Slayer, a legendary HuSk of the Shining One (Zig:21)
  The ghost of Zachydoop the Slayer, a veteran MiGl of Makhleb (Zig:21)
  2 curse toes (Zig:21)
  A bone dragon (Zig:26)
  The ghost of Saphesar the Demonic Cataclysm, a veteran DsFi of Qazlal (Zig:21)
  The ghost of frimble the Victor of a Thousand Battles, an adept DsGl of Okawaru (Zig:21)
  2 shadow dragons (Zig:21)
  A revenant (Zig:21)
  A quicksilver elemental (Zig:18)
  An emperor scorpion (Zig:24)
  A deep elf death mage (Zig:21)
  A salamander tyrant (Zig:22)
  A thrashing horror (Zig:13)
  A deep elf knight (Elf:1)
  A deep elf archer (Snake:1)
  An ironbound convoker (Vaults:5)
  A deep elf zephyrmancer (Elf:3)
  A manticore (Shoals:3)
  A black mamba (Zig:20)
  A water nymph (Shoals:4)
  A guardian mummy (Crypt:3)
  A fire bat (Abyss:4)
  A centaur (Volcano)
  A starcursed mass (Zig:13)
  A fire vortex (Zig:21)
  7 foxfires
  42 fungi
  77 plants
  37 starspawn tentacles
  4 tentacles (Shoals:1)
194 creatures vanquished.

Grand Total: 3387 creatures vanquished

Notes
Turn   | Place    | Note
-------+----------+-------------------------------------------
     0 | D:1      | ledati the Formicid Fighter began the quest for the Orb.
     0 | D:1      | Reached XP level 1. HP: 18/18 MP: 1/1
   113 | D:1      | Reached XP level 2. HP: 20/24 MP: 2/2
   384 | D:1      | Reached XP level 3. HP: 29/29 MP: 3/3
   687 | D:2      | Noticed Jessica
   713 | D:2      | Killed Jessica
   714 | D:2      | Reached XP level 4. HP: 13/37 MP: 4/4
  1103 | D:2      | Reached XP level 5. HP: 42/42 MP: 5/5
  1224 | D:2      | Identified a scroll of acquirement
  1224 | D:2      | Acquired the +15 Maxwell's patent armour {-Cast -Tele rElec
                  | Will+ rCorr}
  1224 | D:2      | Found the +15 Maxwell's patent armour {-Cast -Tele rElec
                  | Will+ rCorr}
  1401 | D:3      | Found a faded altar of an unknown god.
  1442 | D:3      | Found a runed translucent door.
  1445 | D:3      | Noticed oldplebian's ghost (amateur MfGl)
  1477 | D:3      | HP: 2/42 [oldplebian's ghost (10)]
  1479 | D:3      | Killed oldplebian's ghost
  1480 | D:3      | Reached skill level 5 in Shields
  1480 | D:3      | Reached XP level 6. HP: 3/48 MP: 6/6
  1702 | D:3      | Noticed Sigmund
  1713 | D:3      | Killed Sigmund
  1714 | D:3      | Reached XP level 7. HP: 51/55 MP: 7/7
  1725 | D:3      | Found a glowing golden altar of the Shining One.
  2151 | D:4      | Found a radiant altar of Vehumet.
  2221 | D:4      | Reached skill level 5 in Axes
  2322 | D:4      | Reached skill level 5 in Fighting
  2322 | D:4      | Reached skill level 5 in Armour
  2539 | D:4      | Found an ornate altar of the Wu Jian Council.
  3150 | D:5      | Entered Level 5 of the Dungeon
  3196 | D:5      | Reached XP level 8. HP: 62/62 MP: 8/8
  3594 | D:5      | Identified the +1 scale mail "Kykkuafi" {Int-5 Dex+6
                  | Stlth+}
  4019 | D:6      | Found an ancient bone altar of Kikubaaqudgha.
  4026 | D:6      | Noticed Pikel
  4036 | D:6      | Killed Pikel
  4037 | D:6      | Reached XP level 9. HP: 56/71 MP: 9/9
  4151 | D:6      | Found Jacu's Antique Weapon Emporium.
  4434 | D:6      | Found a shadowy altar of Dithmenos.
  4446 | D:6      | Found a sacrificial altar of Ru.
  4522 | D:6      | Found a staircase to the Ecumenical Temple.
  4539 | Temple   | Entered the Ecumenical Temple
  4769 | D:6      | Found a white marble altar of Elyvilon.
  5084 | D:7      | Noticed a hornet
  5096 | D:6      | Killed a hornet
  5361 | D:7      | Found a huge runed translucent gate.
  5362 | D:7      | Found a huge runed translucent gate.
  5362 | D:7      | Noticed a polar bear
  5363 | D:7      | Found a huge runed translucent gate.
  5363 | D:7      | Noticed a polar bear
  5364 | D:7      | Found a huge runed translucent gate.
  5364 | D:7      | Noticed a polar bear
  5531 | D:7      | Found a stormy altar of Qazlal.
  5585 | D:7      | Reached XP level 10. HP: 79/79 MP: 10/10
  5597 | D:7      | Found a basalt altar of Yredelemnul.
  6308 | D:8      | Found a broken altar of Ashenzari.
  6358 | D:8      | Found a blossoming altar of Fedhas.
  6553 | D:8      | Noticed Joseph
  6566 | D:8      | Killed Joseph
  6980 | D:8      | Found a runed translucent gate.
  6981 | D:8      | Found a runed translucent gate.
  6981 | D:8      | Identified the +0 chain mail "Wagiajad" {Drain rN+ Regen+
                  | rCorr}
  6982 | D:8      | Found a runed translucent gate.
  6982 | D:8      | Noticed PyroL's ghost (novice DsNe)
  7062 | D:8      | Reached skill level 10 in Axes
  7081 | D:8      | Reached skill level 10 in Shields
  7081 | D:8      | Noticed an ice statue
  7108 | D:8      | Reached XP level 11. HP: 54/87 MP: 11/11
  7109 | D:8      | Noticed a deep elf pyromancer
  7118 | D:8      | Killed a deep elf pyromancer
  7179 | D:8      | Noticed a centaur warrior
  7190 | D:8      | Killed a centaur warrior
  7728 | D:8      | Killed PyroL's ghost
  8191 | D:7      | Gained mutation: You passively dampen the noise of your
                  | surroundings. [potion of mutation]
  8191 | D:7      | Gained mutation: A frigid envelope surrounds you and
                  | freezes all who hurt you. [potion of mutation]
  8191 | D:7      | Gained mutation: You are partially covered in iridescent
                  | scales. (AC +2) [potion of mutation]
  8191 | D:7      | Gained mutation: You expend magic power (3 MP) to
                  | strengthen your wands. [potion of mutation]
  8688 | D:9      | Found a staircase to the Orcish Mines.
  9375 | D:9      | Reached XP level 12. HP: 53/97 MP: 12/12
  9608 | D:9      | Reached skill level 10 in Armour
  9612 | D:9      | Reached skill level 10 in Fighting
 10101 | D:10     | Entered Level 10 of the Dungeon
 10202 | D:10     | Found a staircase to the Lair.
 10403 | D:10     | Noticed a two-headed ogre
 10414 | D:10     | Killed a two-headed ogre
 10569 | D:10     | Found a burning altar of Makhleb.
 10671 | D:10     | Noticed a two-headed ogre
 10677 | D:10     | Killed a two-headed ogre
 11098 | D:11     | Found a broken altar of Ashenzari.
 11183 | D:11     | Found a frozen archway.
 11187 | D:11     | Noticed a sixfirhy
 11195 | D:11     | Noticed a sun demon
 11225 | IceCv    | Entered an ice cave
 12181 | IceCv    | Reached skill level 15 in Axes
 12547 | IceCv    | Found an ancient bone altar of Kikubaaqudgha.
 12569 | IceCv    | Reached XP level 13. HP: 49/94 MP: 13/13
 13411 | IceCv    | Identified the ring "Giomnis" {rF+ rN+}
 15201 | D:12     | Identified the +2 ring mail of Mihish {Will+ Int+3}
 15704 | Lair:1   | Entered Level 1 of the Lair of Beasts
 15767 | Lair:1   | Noticed Urug
 15791 | Lair:1   | Killed Urug
 15882 | Lair:1   | Reached XP level 14. HP: 98/110 MP: 14/14
 15935 | Lair:1   | Noticed Fannar
 15985 | Lair:1   | Killed Fannar
 16212 | Lair:1   | Found a dark tunnel.
 16221 | Volcano  | Entered a volcano
 17515 | Lair:2   | Found a staircase to the Snake Pit.
 18201 | Lair:3   | Found a staircase to the Shoals.
 19620 | Lair:4   | Reached XP level 15. HP: 109/109 MP: 15/15
 20262 | Lair:5   | Entered Level 5 of the Lair of Beasts
 20564 | D:7      | Became a worshipper of Qazlal Stormbringer
 21100 | Lair:5   | Reached * piety under Qazlal
 21489 | Lair:5   | Found a viscous altar of Jiyva.
 21617 | Lair:5   | Reached ** piety under Qazlal
 21766 | Lair:5   | Identified the +0 chain mail of the Nine Gods {rC+ Will+
                  | Int+3}
 22019 | Lair:5   | Found a staircase to the Slime Pits.
 22224 | Orc:1    | Entered Level 1 of the Orcish Mines
 22752 | Orc:1    | Found Dutisaig's Weapon Shoppe.
 22755 | Orc:1    | Bought a +2 heavy battleaxe for 260 gold pieces
 22831 | Orc:1    | Found a runed translucent door.
 22835 | Orc:1    | Noticed cheesebisquit's ghost (journeyman TrFi)
 22854 | Orc:1    | Killed cheesebisquit's ghost
 22860 | Orc:1    | Identified the +3 mace "Biutimeb" {protect, rN+}
 22942 | Orc:2    | Entered Level 2 of the Orcish Mines
 22943 | Orc:2    | Noticed Sonja
 22945 | Orc:2    | Sonja changed into Sonja the boggart
 22945 | Orc:2    | Noticed Sonja
 22949 | Orc:2    | Killed Sonja the boggart
 23061 | Orc:2    | Found a staircase to the Elven Halls.
 23073 | Orc:2    | Noticed an orc warlord
 23131 | Orc:1    | Killed an orc warlord
 23255 | Orc:2    | Reached *** piety under Qazlal
 23476 | Orc:2    | Reached XP level 16. HP: 101/129 MP: 10/16
 23497 | Orc:2    | Found Okkyuw's Book Emporium.
 23497 | Orc:2    | Found Uptinli's Armour Shop.
 23498 | Orc:2    | Reached **** piety under Qazlal
 23603 | Orc:2    | Found Dyehah's Armour Emporium.
 23664 | Orc:2    | Found Fec Vour's Antique Weapon Shop.
 24156 | D:13     | Noticed Lodul
 24181 | D:13     | Killed Lodul
 24206 | D:13     | Noticed Nessos
 24213 | D:13     | Killed Nessos
 24245 | D:13     | You fall into a shaft and drop 2 floors!
 24245 | D:15     | Entered Level 15 of the Dungeon
 24337 | D:14     | Found a gate to the Vaults.
 24461 | D:13     | Found a shimmering blue altar of Sif Muna.
 24469 | D:13     | Got Sif Muna's Notes on Portals
 24471 | D:13     | Got Sif Muna's Textbook on the Oath
 24473 | D:13     | Got Sif Muna's Spellbook of Incandescence
 25581 | D:15     | Reached ***** piety under Qazlal
 25927 | D:15     | Reached skill level 1 in Invocations
 25938 | D:15     | Reached skill level 1 in Evocations
 26086 | D:15     | Found a staircase to the Depths.
 26086 | D:15     | Noticed a frost giant
 26094 | D:15     | Killed a frost giant
 26343 | D:15     | Noticed Agnes
 26345 | D:15     | Killed Agnes
 26562 | D:15     | Found a runed translucent door.
 26569 | D:15     | Noticed a storm dragon
 26658 | D:15     | Killed a storm dragon
 26982 | Shoals:1 | Entered Level 1 of the Shoals
 27113 | Shoals:1 | Reached XP level 17. HP: 101/139 MP: 19/19
 27537 | Shoals:1 | Noticed a kraken
 27552 | Shoals:1 | Killed a kraken
 27613 | Shoals:1 | Found a runed translucent door.
 27632 | Shoals:1 | Noticed Inwioxo's ghost (adept KoHu)
 27666 | Shoals:1 | Killed Inwioxo's ghost
 27667 | Shoals:1 | Reached skill level 5 in Invocations
 28367 | Elf:1    | Entered Level 1 of the Elven Halls
 28393 | Elf:1    | Reached skill level 5 in Evocations
 28552 | Elf:1    | Noticed Nikola
 28563 | Elf:1    | Killed Nikola
 28564 | Elf:1    | Reached skill level 15 in Shields
 29244 | Elf:1    | Reached ****** piety under Qazlal
 29510 | Elf:1    | Reached XP level 18. HP: 148/148 MP: 23/25
 29569 | Elf:1    | Reached XP level 19. HP: 154/154 MP: 26/26
 29586 | Elf:1    | Found a runed translucent door.
 29610 | Elf:1    | Noticed Pooter's ghost (adept MiBe)
 29652 | Elf:1    | Killed Pooter's ghost
 29661 | Elf:1    | Got Mutobloulek's Theurgy, Part Eight
 29750 | Elf:1    | Identified the +8 rapier of the Hall of Blades {venom,
                  | Int+4}
 29846 | Elf:1    | Identified the +1 scimitar of Cobwebs {heavy, rElec rPois
                  | rC+}
 30240 | Elf:2    | Reached skill level 10 in Invocations
 30242 | Elf:2    | Reached skill level 15 in Fighting
 30286 | Elf:2    | Reached skill level 15 in Armour
 30836 | Elf:2    | Found Itzeah's Jewellery Boutique.
 30837 | Elf:2    | Identified the +10 scale mail of the Orcish Mines {rElec
                  | rCorr}
 31067 | Elf:2    | Found a runed translucent gate.
 31067 | Elf:2    | Found a runed translucent gate.
 31067 | Elf:2    | Found a runed translucent gate.
 31405 | Elf:2    | Reached skill level 10 in Evocations
 31722 | Elf:2    | Noticed a deep elf blademaster
 31730 | Elf:2    | Killed a deep elf blademaster
 32129 | Elf:3    | Entered Level 3 of the Elven Halls
 32670 | Elf:3    | Noticed Mara
 32680 | Elf:3    | Noticed ledati's illusion
 32686 | Elf:3    | Killed Mara
 32989 | Elf:3    | Found Emozaum's Magic Scroll Shop.
 33068 | Elf:3    | Noticed a deep elf blademaster
 33074 | Elf:3    | Killed a deep elf blademaster
 33074 | Elf:3    | Noticed a deep elf blademaster
 33085 | Elf:3    | Killed a ghostly deep elf blademaster
 33089 | Elf:3    | Killed a deep elf blademaster
 33090 | Elf:3    | Reached XP level 20. HP: 128/163 MP: 9/27
 33095 | Elf:3    | Identified the ring of Yendor {+Blink rN+ Int+3 Dex+2
                  | Stlth+}
 33642 | Elf:3    | Noticed a Tzitzimitl
 33651 | Elf:3    | Identified the +8 morningstar of Rompiur {heavy, rPois
                  | Str+9 Dex-2}
 33963 | Elf:3    | Identified the amulet "Fimaqeipubb" {Reflect rF++ SH+5}
 33972 | Elf:3    | Identified the +1 falchion "Ithrir" {holy, rElec rF+ Dex+3}
 34070 | Elf:3    | Identified the +1 arbalest of the Mushroom {penet, rPois
                  | MP+9 Int-2 Dex+5}
 34183 | Elf:3    | Found the +4 consecrated labrys {holy, Valiant Fragile Fly
                  | SInv}
 34214 | Elf:3    | Identified the staff of earth "Beinluiq" {rC+ Will+ Dex+4}
 34239 | Elf:3    | Identified the +2 robe of Inviolability {Will+ Int+6}
 34240 | Elf:3    | Identified the ring of Accord {rElec rPois rC+ MP+9 Dex+6}
 34258 | Elf:3    | Identified the staff of air "Cata" {rElec Str+6 Int+3}
 34620 | Elf:2    | Bought a ring of flight for 262 gold pieces
 35714 | Shoals:3 | Found Giytep's Antique Weapon Emporium.
 35734 | Shoals:3 | Found a runed translucent gate.
 35734 | Shoals:3 | Found a runed translucent gate.
 35734 | Shoals:3 | Found a runed translucent gate.
 35768 | Shoals:3 | Noticed math4jedi's ghost (journeyman MiBe)
 35768 | Shoals:3 | Noticed Diczilox's ghost (adept OpWn)
 35780 | Shoals:3 | Killed math4jedi's ghost
 35787 | Shoals:3 | Killed Diczilox's ghost
 36618 | Shoals:4 | Entered Level 4 of the Shoals
 36840 | Shoals:4 | Got a barnacled rune of Zot
 37061 | Shoals:4 | Found the +3 pair of gauntlets of War {Slay+5}
 37067 | Shoals:4 | Reached XP level 21. HP: 169/169 MP: 28/28
 37528 | Shoals:4 | Noticed Ilsuiw
 37547 | Shoals:4 | Killed Ilsuiw
 38118 | Snake:1  | Entered Level 1 of the Snake Pit
 38267 | Snake:1  | Found a shimmering blue altar of Sif Muna.
 38271 | Snake:1  | Found a transporter.
 38605 | Snake:1  | Got Suasiem's Compendium of Friendly Lamentation
 39179 | Snake:1  | Identified the +2 pair of boots of Lifelessness {rC- Str+6
                  | Int+2}
 39188 | Snake:1  | Identified the ring "Gixzifo" {Will+ Str+5 Stlth+}
 39370 | Snake:1  | Found a transporter.
 39503 | Snake:2  | Found a flickering gateway to a bazaar.
 39509 | Bazaar   | Entered a bazaar
 39509 | Bazaar   | Found Odemuhog's Assorted Antiques.
 39509 | Bazaar   | Found Suunwer's Antique Armour Shoppe.
 39509 | Bazaar   | Found Raicyh's General Store.
 39511 | Bazaar   | Found Orghid's Antique Weapon Shop.
 39511 | Bazaar   | Found Zotaf's Book Emporium.
 39559 | Bazaar   | Bought a potion of heal wounds for 65 gold pieces
 39583 | Bazaar   | Bought a wand of roots (5) for 156 gold pieces
 39740 | Snake:2  | Noticed Vashnia
 39747 | Snake:2  | Killed Vashnia
 39879 | Snake:2  | Identified the +3 spear of Gozag's Envy {venom, rF+++ rN+
                  | Will+}
 40240 | Snake:3  | Found a broken altar of Ashenzari.
 40600 | Snake:3  | Reached XP level 22. HP: 169/176 MP: 29/29
 40916 | Snake:3  | Found Ewehojus's Weapon Shop.
 40919 | Snake:3  | Found Takaw's Armour Shop.
 40919 | Snake:3  | Found Kibeerut's Jewellery Boutique.
 40945 | Snake:3  | Found Wydghegg's General Store.
 41121 | Snake:4  | Entered Level 4 of the Snake Pit
 41698 | Snake:4  | Got a serpentine rune of Zot
 42024 | Snake:4  | Found Michuoc's Assorted Antiques.
 42029 | Snake:4  | Noticed Mlioglotl
 42037 | Snake:4  | Killed Mlioglotl
 42640 | Depths:1 | Entered Level 1 of the Depths
 42982 | Depths:1 | Found a gateway to Hell.
 43037 | Depths:1 | Noticed a juggernaut
 43047 | Depths:1 | Killed a juggernaut
 43112 | Depths:1 | Reached skill level 27 in Axes
 43288 | Depths:1 | Found a one-way gateway to a ziggurat.
 43406 | Depths:1 | Identified the +7 broad axe "Derayneq" {speed, Int+3
                  | Stlth+}
 43417 | Depths:1 | Found a faded altar of an unknown god.
 43418 | Depths:1 | Found a hazy altar of Hepliaklqana.
 43746 | Depths:2 | Found a one-way gate to the infinite horrors of the Abyss.
 44045 | Depths:2 | Reached XP level 23. HP: 184/184 MP: 30/30
 44645 | Depths:2 | Found Ziucon's Book Emporium.
 44747 | Depths:2 | Found a one-way gate leading to the halls of Pandemonium.
 44784 | Depths:2 | Noticed a caustic shrike
 44793 | Depths:2 | Killed a caustic shrike
 44982 | Depths:2 | Got the Quarto of the Cumulonimbus
 45031 | Depths:2 | Identified the amulet "Heemel" {Acrobat Harm Int+7 Dex-5}
 45297 | Depths:3 | Found Lofuedwi's Magic Scroll Boutique.
 45516 | Depths:3 | Bought a scroll of fear for 88 gold pieces
 45536 | Depths:3 | Found Isuac's General Store.
 45944 | Depths:3 | Identified the +9 battleaxe "Qiugevad" {freeze, rElec rN++
                  | Dex-3}
 46530 | Depths:3 | Found Yhupic's Jewellery Shop.
 46564 | Depths:3 | Found Pynior's Antique Weapon Boutique.
 46599 | Depths:3 | Found Catec's Armour Boutique.
 46919 | Depths:4 | Entered Level 4 of the Depths
 47874 | Depths:4 | Noticed a golden dragon
 47917 | Depths:4 | Killed a golden dragon
 47918 | Depths:4 | Reached XP level 24. HP: 151/196 MP: 30/30
 48205 | Depths:4 | Found Tajozexukh's Book Shop.
 48260 | Depths:4 | Reached XP level 25. HP: 203/203 MP: 32/32
 48265 | Depths:4 | Found Terr's Distillery.
 48270 | Depths:4 | Bought 2 potions of invisibility for 304 gold pieces
 48270 | Depths:4 | Bought a potion of might for 76 gold pieces
 48270 | Depths:4 | Bought a potion of heal wounds for 95 gold pieces
 48270 | Depths:4 | Bought a potion of might for 76 gold pieces
 48353 | Depths:4 | Found a gate to the Realm of Zot.
 48425 | Depths:4 | Found a sacrificial altar of Ru.
 48574 | Depths:4 | Bought a potion of resistance for 190 gold pieces
 48711 | Vaults:1 | Entered Level 1 of the Vaults
 48770 | Vaults:1 | Found a runed translucent gate.
 48771 | Vaults:1 | Found a runed translucent gate.
 48771 | Vaults:1 | Found a runed translucent gate.
 48771 | Vaults:1 | Noticed Naox's ghost (adept KoAr)
 48811 | Vaults:1 | Killed Naox's ghost
 50370 | Vaults:2 | Found Mecagh's Antique Armour Shop.
 50781 | Vaults:2 | Reached skill level 15 in Invocations
 50815 | Vaults:2 | Found a staircase to the Crypt.
 51097 | Vaults:3 | Reached XP level 26. HP: 209/210 MP: 34/34
 51110 | Vaults:3 | Noticed Saint Roka
 51138 | Vaults:3 | Killed Saint Roka
 51279 | Vaults:3 | Found Qit Doro's Weapon Shop.
 52558 | Vaults:4 | Found Kaitzete's Weapon Shoppe.
 52589 | Vaults:4 | Found Cughotumn's Distillery.
 52598 | Vaults:4 | Bought a potion of invisibility for 120 gold pieces
 52598 | Vaults:4 | Bought a potion of heal wounds for 75 gold pieces
 52598 | Vaults:4 | Bought a potion of might for 60 gold pieces
 52598 | Vaults:4 | Bought a potion of heal wounds for 75 gold pieces
 52626 | Vaults:4 | Noticed Xtahua
 52639 | Vaults:4 | Killed Xtahua
 52652 | Vaults:4 | Found a magical portal.
 52661 | WizLab   | Entered Wucad Mu's Monastery
 52824 | WizLab   | Found the +9 staff of Wucad Mu {*channel}
 52965 | WizLab   | Reached XP level 27. HP: 222/222 MP: 35/35
 53323 | Vaults:4 | Found Pamant's Book Boutique.
 53354 | Vaults:4 | Found Vinwial's Book Shop.
 54006 | Vaults:4 | Identified the +1 robe of the Haunted Wumpus {rC+ Archmagi}
 54181 | Vaults:5 | Entered Level 5 of the Vaults
 54349 | Vaults:5 | Identified the +9 morningstar "Uniaconub" {antimagic,
                  | +Blink rPois}
 54418 | Vaults:5 | Identified the +3 war axe of Upofeq {speed, Fly rPois rC++
                  | Str-5}
 54515 | Vaults:5 | Noticed Margery
 54535 | Vaults:5 | Killed Margery
 55025 | Vaults:5 | Identified the +0 pair of gloves of Gihas {rN++ Will+
                  | Slay-5}
 55025 | Vaults:5 | Found the amulet of Vitality {RegenMP++ Regen++}
 55033 | Vaults:5 | Identified the +2 cloak of the Lobster {Fly}
 55039 | Vaults:5 | Identified the ring "Tuni Keymo" {rF+ EV+5 Str+2}
 55065 | Vaults:5 | Got a silver rune of Zot
 55079 | Vaults:5 | Identified the +1 leather armour "Keutara" {Int-5 Dex+4}
 55082 | Vaults:5 | Identified the +7 mace of the Riding Gods {antimagic, rPois
                  | rF+ Str+3}
 55087 | Vaults:5 | Identified the +6 leather armour of Qerghouk {Str+3}
 55099 | Vaults:5 | Identified the amulet "Exayd" {Spirit Int+3}
 55521 | Vaults:5 | Identified the +9 plate armour of Viphukh {Fly Dex+2}
 55877 | Vaults:5 | Noticed an ancient lich
 55890 | Vaults:5 | Killed an ancient lich
 56437 | Vaults:2 | Bought an ichor-stained buckler for 418 gold pieces
 56437 | Vaults:2 | Identified the +2 buckler of Yrcharug {Int+5} (You bought
                  | it in a shop on level 2 of the Vaults)
 56489 | Crypt:1  | Entered Level 1 of the Crypt
 58511 | Crypt:3  | Entered Level 3 of the Crypt
 58881 | Crypt:3  | Upgraded the game from 0.30-a0-1043-g60ff8d5f49 to
                  | 0.30-a0-1053-gbd8d5ba0ad
 59203 | Crypt:3  | Found a staircase to the Tomb.
 59674 | Crypt:3  | Found a basalt altar of Yredelemnul.
 60404 | Crypt:3  | Noticed a royal mummy
 60415 | Crypt:3  | Killed a royal mummy
 60422 | Crypt:3  | Identified the +0 shortbow of Outrage {heavy, rC+ MP+9
                  | Str-3 Stlth+}
 60424 | Crypt:3  | Identified the +10 dagger of Insufficient Pleasure {flame,
                  | *Noise +Blink Will++ SInv}
 60428 | Crypt:3  | Identified the ring "Geseobal" {rN+ Str+6}
 60428 | Crypt:3  | Identified the ring "Ulodaoso" {rN+ Slay+2}
 60428 | Crypt:3  | Identified the ring of Vojy {Contam rElec rN+ Slay+6}
 61323 | Depths:4 | Voluntarily entered the Abyss.
 61429 | Abyss:1  | Found a corrupted altar of Lugonu.
 61466 | Abyss:1  | Found a corrupted altar of Lugonu.
 61733 | Abyss:4  | Found a corrupted altar of Lugonu.
 61752 | Abyss:4  | Found a corrupted altar of Lugonu.
 61776 | Abyss:4  | Found a corrupted altar of Lugonu.
 61796 | Abyss:4  | Found a corrupted altar of Lugonu.
 62483 | Abyss:4  | Gained mutation: You occasionally lose the ability to read
                  | scrolls when taking damage. [a neqoxec]
 62680 | Abyss:4  | Got an abyssal rune of Zot
 62888 | Depths:4 | Escaped the Abyss
 63070 | Depths:3 | Bought a potion of invisibility for 176 gold pieces
 63070 | Depths:3 | Bought a scroll of silence for 209 gold pieces
 63086 | Depths:3 | Bought a scroll of enchant armour for 165 gold pieces
 63797 | Zig:1    | Entered Level 1 of a ziggurat
 63822 | Zig:2    | Entered Level 2 of a ziggurat
 63847 | Zig:3    | Entered Level 3 of a ziggurat
 63879 | Zig:4    | Entered Level 4 of a ziggurat
 63881 | Zig:4    | Noticed a dread lich
 63881 | Zig:4    | Noticed a dread lich
 63891 | Zig:4    | Killed a dread lich
 63898 | Zig:4    | Identified the +8 shortbow "Puepn" {drain, +Blink MP-9
                  | Dex+7}
 63899 | Zig:4    | Identified the staff of conjuration "Ufrunite" {MP+9 Str+4}
 63996 | Zig:5    | Entered Level 5 of a ziggurat
 64001 | Zig:5    | Noticed a Killer Klown
 64016 | Zig:5    | Killed a Killer Klown
 64041 | Zig:5    | Identified the +0 pair of gloves of Gozag's Esteem {Int+4}
 64103 | Zig:6    | Entered Level 6 of a ziggurat
 64126 | Zig:6    | Got Sotel's Vademecum on Mighty Rime
 64135 | Zig:6    | Identified the +3 shortbow of the Grave {flame, Int+4}
 64159 | Zig:7    | Entered Level 7 of a ziggurat
 64190 | Zig:7    | Identified the +1 sling of Parts Unknown {elec, Fragile rN+
                  | rCorr}
 64220 | Zig:8    | Entered Level 8 of a ziggurat
 64254 | Zig:8    | Identified the ring "Dolus" {rPois rN+ Will+}
 64263 | Zig:8    | Identified the +6 scale mail of Impressiveness {Fly rElec
                  | Slay+3 Stlth+}
 64301 | Zig:9    | Entered Level 9 of a ziggurat
 64310 | Zig:9    | Noticed a Killer Klown
 64310 | Zig:9    | Noticed a Killer Klown
 64310 | Zig:9    | Noticed Eharuraz the pandemonium lord
 64322 | Zig:9    | Killed a Killer Klown
 64326 | Zig:9    | Killed a Killer Klown
 64340 | Zig:9    | Killed Eharuraz the pandemonium lord
 64357 | Zig:9    | Got the Precepts of the Figure and the Cure
 64358 | Zig:9    | Identified the +0 robe "Ohaibaca" {Slay+2}
 64377 | Zig:9    | Got the Verses on Spectres
 64378 | Zig:9    | Identified the staff of air "Rorphanof" {rElec Dex+5}
 64549 | Zig:10   | Entered Level 10 of a ziggurat
 64596 | Zig:10   | Identified the staff of earth "Xacenty" {Will- MP+9 Str+3
                  | SInv}
 64601 | Zig:10   | Identified the amulet "Iskiof" {Reflect *Corrode rElec
                  | Str+3 Dex+2 SH+5}
 64612 | Zig:10   | Identified the staff of earth "Omixzos" {Fly rC- rN+
                  | Stlth+}
 64636 | Zig:11   | Entered Level 11 of a ziggurat
 64650 | Zig:11   | Found the +10 morningstar "Eos" {elec, Halo rElec}
 65012 | Zig:11   | Identified the staff of cold "Vaxkedy" {rC+ Int+3}
 65014 | Zig:11   | Got Sif Muna's Omnibus of the Mesa and the Undead
 65015 | Zig:11   | Identified the +2 sling "Pois" {elec, Will+}
 65033 | Zig:12   | Entered Level 12 of a ziggurat
 65044 | Zig:12   | Noticed a juggernaut
 65044 | Zig:12   | Noticed a juggernaut
 65058 | Zig:12   | Killed a juggernaut
 65065 | Zig:12   | Killed a juggernaut
 65263 | Zig:12   | Identified the staff of death "Hitib" {rN+ Will+ Dex+3}
 65270 | Zig:12   | Identified the +5 scale mail of the Present {rN+ Slay+2}
 65274 | Zig:12   | Identified the staff of poison "Cusa" {rPois rF+}
 65293 | Zig:12   | Identified the +7 battleaxe of Yseapem {freeze, rF- rC++}
 65308 | Zig:13   | Entered Level 13 of a ziggurat
 65314 | Zig:13   | Noticed a dread lich
 65324 | Zig:13   | Killed a dread lich
 65340 | Zig:13   | Reached skill level 15 in Evocations
 65671 | Zig:13   | Identified the staff of cold "Divioh" {+Blink rPois rC+
                  | Dex+2}
 65711 | Zig:14   | Entered Level 14 of a ziggurat
 65746 | Zig:14   | Lost mutation: You expend magic power (3 MP) to strengthen
                  | your wands. [a shining eye]
 65767 | Zig:14   | Got the Folio of the Kindled Shot
 65784 | Zig:14   | Reached skill level 27 in Fighting
 65796 | Zig:14   | Identified the ring of Vehumet's Generosity {Fly Int+4}
 65851 | Zig:15   | Entered Level 15 of a ziggurat
 65877 | Zig:15   | Gained mutation: You are frail. (-10% HP) [a neqoxec]
 65878 | Zig:15   | Gained mutation: Your spells are a little easier to cast,
                  | but a little less powerful. [a neqoxec]
 65878 | Zig:15   | Gained mutation: You are dopey. (Int -2) [a neqoxec]
 65879 | Zig:15   | Gained mutation: Potions are less effective at restoring
                  | your health. [a neqoxec]
 65879 | Zig:15   | Gained mutation: Your magical capacity is low. (-10% MP) [a
                  | neqoxec]
 66071 | Zig:15   | Identified the +4 great sword of Ighamet {drain, rC+ Int+3}
 66083 | Zig:15   | Reached skill level 10 in Dodging
 66089 | Zig:15   | Identified the +5 scale mail of the Wilderness {rCorr}
 66145 | Zig:16   | Entered Level 16 of a ziggurat
 66156 | Zig:16   | Noticed an ancient lich
 66157 | Zig:16   | Noticed an ancient lich
 66160 | Zig:16   | Noticed an ancient lich
 66164 | Zig:16   | Killed an ancient lich
 66167 | Zig:16   | Noticed a dread lich
 66167 | Zig:16   | Gained mutation: You are vulnerable to heat. (rF-) [a
                  | shining eye]
 66167 | Zig:16   | Noticed an ancient lich
 66167 | Zig:16   | Noticed an ancient lich
 66172 | Zig:16   | Killed an ancient lich
 66173 | Zig:16   | Killed an ancient lich
 66177 | Zig:16   | Killed an ancient lich
 66185 | Zig:16   | Killed an ancient lich
 66186 | Zig:16   | Killed a dread lich
 66230 | Zig:16   | Found the +4 moon troll leather armour {Spirit, Regen++
                  | MP+5}
 66237 | Zig:16   | Identified the +1 chain mail "Icwoprau" {rElec rF+ Will+}
 66361 | Zig:17   | Entered Level 17 of a ziggurat
 66419 | Zig:17   | Identified the staff of earth "Tereganu" {Int+3}
 66424 | Zig:17   | Identified the +5 chain mail of the Iron Devil {Rampage
                  | Slay+3}
 66438 | Zig:17   | Identified the staff of conjuration "Tyuwi Kolo" {Str+4
                  | Int-5}
 66449 | Zig:17   | Identified the +1 whip of the Extremely Mad {flame, rElec
                  | rPois rN++ Dex-2}
 66478 | Zig:18   | Entered Level 18 of a ziggurat
 66921 | Zig:18   | Found the +3 greatsling "Punk" {acid, rCorr}
 66926 | Zig:18   | Identified the +5 hand axe of Qazlal {freeze, Fly rElec rF+
                  | Int+3}
 66929 | Zig:18   | Identified the +2 robe of Kinoicou {Will+ Str+3}
 66943 | Zig:18   | Identified the ring "Ruziss" {Ice rElec rPois rN+ MP-9}
 66970 | Zig:19   | Entered Level 19 of a ziggurat
 66979 | Zig:19   | Noticed a juggernaut
 66999 | Zig:19   | Killed a juggernaut
 67007 | Zig:19   | Noticed a juggernaut
 67008 | Zig:19   | Noticed a juggernaut
 67021 | Zig:19   | Noticed a juggernaut
 67022 | Zig:19   | Killed a juggernaut
 67025 | Zig:19   | Killed a juggernaut
 67032 | Zig:19   | Killed a juggernaut
 67434 | Zig:19   | Found the +8 arc blade {discharge, rElec}
 67443 | Zig:19   | Identified the ring of Goh Uri {Fly Str+3}
 67446 | Zig:19   | Identified the +0 ring mail "Banalya" {-Cast Regen+ Dex+3}
 67452 | Zig:19   | Identified the +5 halberd of the Undead {flame, Int+3}
 67513 | Zig:19   | Identified the +7 falchion of Osanluu {vamp, rElec rN++
                  | Int-2}
 67598 | Zig:19   | Lost mutation: You are partially covered in iridescent
                  | scales. (AC +2) [potion of mutation]
 67598 | Zig:19   | Lost mutation: Potions are less effective at restoring your
                  | health. [potion of mutation]
 67598 | Zig:19   | Gained mutation: You sometimes lose the ability to read
                  | scrolls when taking damage. [potion of mutation]
 67612 | Zig:20   | Entered Level 20 of a ziggurat
 68211 | Zig:20   | Found the +6 Majin-Bo {spellvamp, MP+6 Int+6}
 68221 | Zig:20   | Acquired a manual of Dodging
 68226 | Zig:20   | Identified the staff of poison "Xikhlux" {rElec rPois Will+
                  | Int+4}
 68227 | Zig:20   | Identified the +2 pair of boots "Cuthrukook" {rC+ rN++
                  | Dex+3 Slay+2}
 68281 | Zig:20   | Identified the staff of death "Zekhlifo" {*Corrode rPois
                  | rF++ rN+ Stlth+}
 68287 | Zig:20   | Lost mutation: You are frail. (-10% HP) [potion of
                  | mutation]
 68287 | Zig:20   | Lost mutation: You passively dampen the noise of your
                  | surroundings. [potion of mutation]
 68287 | Zig:20   | Lost mutation: You are dopey. (Int -2) [potion of mutation]
 68287 | Zig:20   | Gained mutation: Your natural rate of healing is unusually
                  | fast. [potion of mutation]
 68287 | Zig:20   | Gained mutation: You possess an exceptional clarity of
                  | mind. [potion of mutation]
 68388 | Zig:21   | Entered Level 21 of a ziggurat
 68412 | Zig:21   | Noticed WeeknightWizard's ghost (veteran DEFE)
 68412 | Zig:21   | Noticed Saphesar's ghost (veteran DsFi)
 68412 | Zig:21   | Noticed Ucrups's ghost (legendary MiFi)
 68412 | Zig:21   | Noticed Zachydoop's ghost (veteran MiGl)
 68413 | Zig:21   | Noticed sleeves's ghost (legendary HuSk)
 68413 | Zig:21   | Noticed Fueng's ghost (legendary HOFi)
 68414 | Zig:21   | Noticed scarywalker64's ghost (legendary GrEE)
 68414 | Zig:21   | Noticed Vuopse's ghost (legendary GnIE)
 68414 | Zig:21   | Noticed Fueng's ghost (legendary HOFi)
 68415 | Zig:21   | Killed WeeknightWizard's ghost
 68419 | Zig:21   | Noticed frimble's ghost (adept DsGl)
 68419 | Zig:21   | Noticed astronautguy's ghost (legendary FoEE)
 68426 | Zig:21   | Killed frimble's ghost
 68427 | Zig:21   | Killed Zachydoop's ghost
 68427 | Zig:21   | Noticed BerryKnight's ghost (legendary DgFi)
 68428 | Zig:21   | Killed sleeves's ghost
 68429 | Zig:21   | Killed Saphesar's ghost
 68430 | Zig:21   | Killed Ucrups's ghost
 68432 | Zig:21   | Killed Fueng's ghost
 68432 | Zig:21   | Killed scarywalker64's ghost
 68445 | Zig:21   | Killed astronautguy's ghost
 68451 | Zig:21   | Killed Vuopse's ghost
 68460 | Zig:21   | Killed Fueng's ghost
 68463 | Zig:21   | Killed BerryKnight's ghost
 68512 | Zig:21   | Identified the +8 morningstar of Bankruptcy {antimagic, rC-
                  | rN+ Str+2 Int+2}
 68516 | Zig:21   | Identified the ring of the Hero {rC+ EV+5 Str-5 Dex+5}
 68525 | Zig:21   | Identified the staff of cold "Mezyaxudgh" {rPois rC+ rCorr}
 68566 | Zig:22   | Entered Level 22 of a ziggurat
 68660 | Zig:22   | Identified the staff of air "Aleov" {rElec MP+9 SInv}
 68663 | Zig:22   | Lost mutation: Your spells are a little easier to cast, but
                  | a little less powerful. [potion of mutation]
 68663 | Zig:22   | Lost mutation: Your natural rate of healing is unusually
                  | fast. [potion of mutation]
 68663 | Zig:22   | Lost mutation: Your magical capacity is low. (-10% MP)
                  | [potion of mutation]
 68663 | Zig:22   | Gained mutation: You are dopey. (Int -2) [potion of
                  | mutation]
 68663 | Zig:22   | Gained mutation: You passively map a small area around you.
                  | [potion of mutation]
 68663 | Zig:22   | Gained mutation: You expend magic power (3 MP) to
                  | strengthen your wands. [potion of mutation]
 68669 | Zig:22   | Identified the +1 pair of gloves of the Thirteen Lovers
                  | {rPois}
 68681 | Zig:22   | Acquired a manual of Spellcasting
 68683 | Zig:22   | Acquired 650 gold pieces
 68700 | Zig:22   | Identified the +1 pair of boots of the Five of Swords
                  | {+Blink rC- Int-5 Stlth+}
 68779 | Zig:23   | Entered Level 23 of a ziggurat
 68792 | Zig:23   | Noticed an ancient lich
 68793 | Zig:23   | Noticed an ancient lich
 68795 | Zig:23   | Killed an ancient lich
 68795 | Zig:23   | Killed an ancient lich
 68796 | Zig:23   | Reached skill level 27 in Armour
 68798 | Zig:23   | Noticed an ancient lich
 68800 | Zig:23   | Noticed an ancient lich
 68806 | Zig:23   | Killed an ancient lich
 68807 | Zig:23   | Killed an ancient lich
 68838 | Zig:23   | Found the +18 shield of the Gong {Loud rN+ Will+ rCorr
                  | EV-5}
 69134 | Zig:23   | Identified the +9 war axe "Tyonna" {spect, *Rage rElec
                  | rPois Stlth+}
 69135 | Zig:23   | Identified the +7 trident "Wampoz" {drain, rPois rF+
                  | Will++}
 69137 | Zig:23   | Identified the staff of air "Leijip Jod" {rElec rF+ Str+8
                  | Int-3}
 69138 | Zig:23   | Identified the +9 broad axe "Killer Klown's Doom" {freeze,
                  | Str-2 Int+2 Dex+2}
 69140 | Zig:23   | Lost mutation: You passively map a small area around you.
                  | [potion of mutation]
 69140 | Zig:23   | Lost mutation: A frigid envelope surrounds you and freezes
                  | all who hurt you. [potion of mutation]
 69140 | Zig:23   | Lost mutation: You are vulnerable to heat. (rF-) [potion of
                  | mutation]
 69140 | Zig:23   | Gained mutation: You are strong-willed. (Will+) [potion of
                  | mutation]
 69140 | Zig:23   | Lost mutation: You are dopey. (Int -2) [potion of mutation]
 69144 | Zig:23   | Got the Compendium of Stormy Battle Magic
 69152 | Zig:23   | Identified the staff of conjuration "Yggofeal" {Int+4}
 69159 | Zig:23   | Identified the ring of Meiw {rN++ MP+9 Dex-2}
 69161 | Zig:23   | Identified the staff of earth "Raezism" {rElec rN+ Dex+2}
 69163 | Zig:23   | Identified the staff of air "Vedwarunni" {rElec Int+4}
 69209 | Zig:23   | Identified the +5 mace "Nybunleq" {heavy, rC- rCorr Dex+8}
 69244 | Zig:24   | Entered Level 24 of a ziggurat
 69329 | Zig:24   | Found the +10 dark maul {heavy}
 69507 | Zig:24   | Identified the staff of air "Tic Kyaxt" {rElec Will+ rCorr
                  | MP+9 Int+5}
 69511 | Zig:24   | Identified the +11 short sword of the Puffin {flame, rCorr
                  | Str+2 Dex+2 Stlth+}
 69512 | Zig:24   | Identified the staff of death "Gyuweklo" {rF+ rC+ rN+ Will+
                  | Str+4}
 69515 | Zig:24   | Identified the +4 halberd of Urgency {speed, +Blink rPois
                  | rN+ Int+4}
 69517 | Zig:24   | Reached skill level 15 in Dodging
 69530 | Zig:24   | Identified the +8 flail of Oluax {elec, rN+ Int+2 Dex+3}
 69537 | Zig:24   | Identified the +9 plate armour "Reazio Wotro" {rPois Str-2
                  | Dex+9}
 69606 | Zig:25   | Entered Level 25 of a ziggurat
 69692 | Zig:25   | Found the +8 mithril axe "Arga" {speed, Will+}
 70120 | Zig:25   | Found the +2 cloak of the Thief {*Fog Slay-2 SInv Stlth+}
 70138 | Zig:25   | Identified the ring of the Townfolk {rF+ AC+4}
 70161 | Zig:25   | Identified the +4 falchion "Spider's Funeral" {flame, rElec
                  | rPois rC- MP+9}
 70170 | Zig:25   | Identified the ring of the Queen {rPois rC+}
 70267 | Zig:26   | Entered Level 26 of a ziggurat
 70293 | Zig:26   | Reached skill level 27 in Shields
 70381 | Zig:26   | Found the ring of the Hare {EV+10}
 70641 | Zig:26   | Identified the +5 quarterstaff of the Unstoppable Tables
                  | {venom, Int+2}
 70652 | Zig:26   | Identified the ring of Nuechuasa {rF+ rN++ Str+3}
 70667 | Zig:26   | Identified the +10 spear of the Depths {elec, rF+}
 70671 | Zig:26   | Identified the amulet of Utsatisu {Spirit -Tele rF+ rN+
                  | Dex+3}
 70688 | Zig:26   | Identified the ring "Jutiup Neuho" {Will+ rCorr MP+9}
 70693 | Zig:26   | Reached skill level 27 in Invocations
 70762 | Zig:27   | Entered Level 27 of a ziggurat
 70804 | Zig:27   | Killed from afar by a Brimstone Fiend

Illustrated notes

Levels and vault maps discovered:
D:1:      dpeg_arrival_castle, layout_basic
D:2:      layout_rooms, serial_forest, infiniplex_forest_lined_room_3,
          infiniplex_forest_lined_4_way, infiniplex_forest_straight_2,
          infiniplex_forest_straight_1, infiniplex_forest_side_room,
          infiniplex_forest_zigzag_2, uniq_jessica
D:3:      layout_basic, tso_oasis_becter, ebering_ghost_sewer_d,
          shapermc_ecumenical_altar_ellora, minmay_strange_pillars, uniq_sigmund
D:4:      layout_layer_cave, nzn_wu_jian_contemplation, vehumet_crystals,
          nicolae_kite_square_tiling_tiny
D:5:      layout_gridville
D:6:      layout_loops_ring, old_standard_altar, nicolae_overflow_crystal_walls,
          amethyst_overflow_temple_binary, minmay_temple_entry_crystal_x,
          serial_shops, nicolae_shop_stone, uniq_pikel
D:7:      lemuel_bear_cage, layout_gridville, general_overflow_altar,
          amcnicky_altar_gilded
D:8:      layout_rooms, mainiacjoe_overflow_catwalk, mainiacjoe_overflow_paths,
          biasface_ghost_orc_armoury, nzn_random_ring, uniq_joseph
D:9:      minmay_four_partial_circles, layout_small_grid, david_orc_2,
          minmay_fractal_squares_5
D:10:     layout_loops_corners, lemuel_round_altar, hellmonk_lair_entry_icy
D:11:     layout_loops_ring, portal_ice_cave_entry_pillars_2,
          evilmike_ruin_ashenzari
D:12:     layout_irregular_city
D:13:     layout_big_octagon, nicolae_sif_muna_little_library, uniq_nessos,
          uniq_lodul
D:14:     layout_roguey, david_vaults_2, minmay_door_square,
          elves_outpost_lemuel
D:15:     grunt_enter_depths_snipers, layout_basic, minivault_13, uniq_agnes
Temple:   nicolae_temple_bog_church
Lair:1:   layout_roguey, lightli_volcano_entry_magma_tube, uniq_fannar,
          uniq_urug
Lair:2:   layout_chaotic_city, minmay_snake_entry_guardpost_medium,
          grunt_forest_large_clearing_hut, infiniplex_staircase_pool
Lair:3:   layout_regular_city, minmay_shoals_entry_centaurs,
          infiniplex_staircase_pool_2, grunt_megastairs_4
Lair:4:   layout_misc_corridors
Lair:5:   hangedman_lair_tendril_chambers, layout_gridlike,
          minmay_slime_entry_oklob_enclosed, lemuel_fruit_tree
Shoals:1: layout_shoals, ebering_ghost_reflecting_pool
Shoals:2: cheibrodos_shoals_roost, layout_shoals
Shoals:3: layout_shoals, gammafunk_ghost_cemetery, serial_shops,
          nicolae_shop_advertising_works [nicolae_subvault_shop_adworks]
Shoals:4: shoals_end_simple, layout_shoals, shoal_ilsuiw
Snake:1:  gammafunk_sealed_library, layout_honeycomb, beargit_elvish_explorers,
          serial_bayou_shore_a, serial_bayou_shore_b
Snake:2:  cheibrodos_snake_ritualist_ritual, layout_grid_shapes, serial_shops,
          bzr_in_the_mist, st_stairs_3, uniq_vashnia
Snake:3:  layout_onion_interference, basic_altar, minmay_shoptagon
Snake:4:  hellmonk_snake_rune_quicksilver_temple, layout_grid_shapes,
          serial_shops, shop, st_stairs_11, drop_trap, uniq_mlioglotl
Orc:1:    layout_caves, serial_shops, nicolae_shop_behind_doors,
          ebering_ghost_reflecting_pool
Orc:2:    st_orc_town, layout_caves, uniq_sonja
Elf:1:    eino_elf_arrival_sip, layout_geoelf_octagon,
          ebering_ghost_reflecting_pool, hangedman_elven_crosses_minicolossus,
          uniq_nikola
Elf:2:    nicolae_elf_blades_splatter_lattice
          [nicolae_blade_entry_sentries_behind_glass], layout_rooms,
          serial_shops, shop
Elf:3:    minmay_elf_hall, layout_loops_corners, serial_shops,
          nicolae_shop_trees, hangedman_elf_power_crystal, uniq_mara
Vaults:1: gammafunk_ghost_split, hangedman_vaults_stagger, st_squares,
          hangedman_vaults_stream, ontoclasm_vaults_hangar,
          hangedman_vaults_pinch, v_rooms_3, nicolae_vaults_diagonal_hallway_6,
          vaults_room_corners, vaults_room_hallway, layout_vaults_omnicross
Vaults:2: v_pattern_5, minmay_crypt_entry_simple_round,
          nicolae_vaults_little_squares_5, dpeg_vaults_monster_row,
          nicolae_vaults_border_crossing, nicolae_vaults_sealed_display,
          st_hourglassy, layout_vaults_big_room, serial_shops,
          nicolae_shop_trees
Vaults:3: v_alt_pattern_2, vaults_room_corners, grunt_vaults_focal,
          vaults_standard_mumra_x, nicolae_vaults_mini_display_case, st_lattice,
          vaults_room_stairs_pillars, hangedman_vaults_locks,
          ontoclasm_vaults_eye, layout_vaults_omnigrid, serial_shops,
          nicolae_shop_bloodbath_and_beyond, uniq_saint_roka
Vaults:4: mu_enter_wizlab_6, hangedman_vaults_river_flow, v_misc_30, st_check,
          v_misc_9, ontoclasm_vaults_spin, hangedman_vaults_variations,
          ontoclasm_vaults_misaligned, nicolae_vaults_network_quincunx
          [nicolae_vaults_network_quincunx_subvault,
          nicolae_vaults_network_quincunx_subvault,
          nicolae_vaults_network_quincunx_subvault,
          nicolae_vaults_network_quincunx_subvault,
          nicolae_vaults_network_quincunx_subvault],
          ontoclasm_vaults_ring_large, nicolae_vaults_theta,
          ontoclasm_vaults_decontamination, layout_vaults_omnibox, serial_shops,
          nicolae_shop_stone, nicolae_shop_statue_plus,
          nicolae_shop_hallway_stairs, nicolae_shop_stone, uniq_xtahua
Vaults:5: serial_shops, uniq_margery
Crypt:1:  layout_regular_city, grunt_megastairs_3, grunt_crypt_arrival_webbed
Crypt:2:  layout_rooms, grunt_megastairs_5
Crypt:3:  church_of_pain_bobbens, layout_chaotic_city,
          nicolae_tomb_entry_unfolded_pyramid_diagonal, st_stairs_4,
          nicolae_crypt_crumbling_hall
Depths:1: minmay_distorted_concentric_squares, layout_small_grid,
          enter_ziggurat_f, grunt_decor_resistance, pf_hell_entry_tar_spiral,
          beargit_hepliaklqana_dungeon_heroes
Depths:2: minmay_triangles_in_corner, layout_basic, hangedman_abyss_entry_splay,
          nicolae_eternal_life, serial_shops, shop, hell_entry, serial_aquarium,
          aquarium_bridge_square [aquarium_subvault_wall,
          aquarium_subvault_window, aquarium_subvault_bridge,
          aquarium_subvault_bridge], aquarium_bridge_straight
          [aquarium_subvault_bridge, aquarium_subvault_wall,
          aquarium_subvault_bridge, aquarium_subvault_window],
          aquarium_window_1, aquarium_window_1, aquarium_window_corner,
          aquarium_view_2d, rand_demon_pan_entry_4
Depths:3: minmay_coctagon, layout_cave_pools, abyss_entry_glasseish,
          serial_shops, nicolae_shop_behind_doors, nicolae_stop_n_shop_2,
          nicolae_shop_hallway_stairs, nicolae_shop_behind_doors, shop,
          hell_entry, minmay_staircase_statues_hall_large
Depths:4: evilmike_zot_entry_diamond, layout_cave_pools, serial_shops,
          nicolae_shop_hallway_plus, shop, hell_entry, abyss_entry,
          nicolae_ru_awakened_eye, st_stairs_5
Zig:27

Skill      XL: |  1  2  3  4  5  6  7  8  9 10 11 12 13 14 15 16 17 18 19 20 21 22 23 24 25 26 27 |
---------------+----------------------------------------------------------------------------------+-----
Axes           | 3 4 5 7 8 10 12 15 18 19 20 23 25 27 | 27.0
Fighting       | 4 5 6 7 8 9 10 12 14 15 16 17 18 19 27 | 27.0
Armour         | 4 5 6 7 8 9 10 12 14 15 16 17 18 19 27 | 27.0
Shields        | 5 6 7 8 10 12 14 15 16 17 19 20 27 | 27.0
Invocations    | 3 9 10 12 15 17 27 | 27.0
Evocations     | 3 8 10 26 | 26.3
Dodging        | 19 | 19.1

Action                     |  1- 3 |  4- 6 |  7- 9 | 10-12 | 13-15 | 16-18 | 19-21 | 22-24 | 25-27 || total
---------------------------+-------+-------+-------+-------+-------+-------+-------+-------+-------++-------
  Melee: War axe           |    60 |    89 |    93 |   426 |       |       |       |       |       ||   668
         Flail             |       |       |   152 |    78 |       |       |       |       |       ||   230
         Morningstar       |       |       |       |   204 |   440 |       |       |       |       ||   644
         Glaive            |       |       |       |       |   508 |     5 |       |       |       ||   513
         Battleaxe         |       |       |       |       |   111 |   498 |   763 |   374 |  1953 ||  3699
         Broad axe         |       |       |       |       |       |       |       |   406 |       ||   406
         Labrys            |       |       |       |       |       |       |       |       |   775 ||   775
  Throw: Dart              |       |     2 |       |     2 |       |       |       |       |       ||     4
         Throwing net      |       |     1 |       |       |       |       |       |       |       ||     1
 Invoke: Upheaval          |       |       |       |       |       |     4 |    20 |     4 |    89 ||   117
         Elemental Force   |       |       |       |       |       |       |     3 |       |     5 ||     8
         Disaster Area     |       |       |       |       |       |       |       |       |    12 ||    12
Ability: Dig               |       |       |       |     8 |    20 |     5 |     8 |     4 |     8 ||    53
  Evoke: Wand              |       |       |       |     1 |     4 |     4 |     4 |       |     4 ||    17
         Condenser vane    |       |       |       |       |     2 |     3 |     4 |       |    25 ||    34
         Box of beasts     |       |       |       |       |       |     1 |     2 |       |     4 ||     7
         Phial of floods   |       |       |       |       |       |       |       |       |     2 ||     2
         Lightning rod     |       |       |       |       |       |       |       |       |    12 ||    12
         Tin of tremorston |       |       |       |       |       |       |       |       |    11 ||    11
    Use: Potion            |     1 |     3 |     1 |    10 |     2 |     2 |    12 |     8 |    78 ||   117
         Scroll            |       |     9 |     9 |     8 |     5 |     1 |     6 |       |    21 ||    59
   Stab: Invisible         |       |     1 |     1 |       |       |       |       |       |    11 ||    13
         Distracted        |       |       |       |     2 |       |     1 |       |     1 |     1 ||     5
         Fleeing           |       |       |       |     1 |       |       |       |       |       ||     1
         Confused          |       |       |       |       |       |     1 |       |       |       ||     1
         Paralysed         |       |       |       |       |       |       |       |       |     2 ||     2
 Armour: Scale mail        |    53 |    40 |       |       |       |       |       |       |       ||    93
         Plate armour      |       |    27 |   177 |   362 |   630 |   150 |   364 |   281 |   871 ||  2862
  Dodge: Dodged            |    46 |    55 |   152 |   348 |   498 |   116 |   122 |    88 |   393 ||  1818
         Repelled          |       |       |       |       |       |     7 |    18 |     7 |    41 ||    73
  Block: Buckler           |    24 |    24 |    76 |   235 |   197 |       |       |       |       ||   556
         Kite shield       |       |       |       |       |   317 |   367 |   330 |       |   376 ||  1390
         Tower shield      |       |       |       |       |       |       |   710 |   915 |  3255 ||  4880
         Reflection        |       |       |       |       |       |       |   100 |    39 |   208 ||   347

Table legend: (Time is in decaauts)
 A = Elapsed time spent in this place.
 B = Non-inter-level travel time spent in this place.
 C = Inter-level travel time spent in this place.
 D = Time resting spent in this place.
 E = Time spent auto-exploring this place.
 F = Levels seen in this place.
 G = Mean time per level.
                   A        B        C        D        E       F      G
               +--------+--------+--------+--------+--------+-----+--------+
         Total |  70587 |  63796 |   6791 |  18492 |  24147 |  81 |  871.4 |
       Dungeon |  16849 |  14962 |   1887 |   3443 |   7322 |  15 | 1123.3 |
        Temple |    203 |    197 |      6 |      0 |    172 |   1 |  203.0 |
          Lair |   6027 |   5026 |   1001 |   1133 |   2477 |   5 | 1205.4 |
        Shoals |   4720 |   4302 |    418 |    969 |   2080 |   4 | 1180.0 |
     Snake Pit |   4284 |   3774 |    510 |    657 |   1939 |   4 | 1071.0 |
  Orcish Mines |   1890 |   1716 |    174 |    301 |    819 |   2 |  945.0 |
   Elven Halls |   6394 |   5563 |    831 |   2481 |   1408 |   3 | 2131.3 |
        Vaults |   7739 |   6560 |   1179 |    814 |   3430 |   5 | 1547.8 |
         Crypt |   4476 |   4202 |    274 |   1559 |   1433 |   3 | 1492.0 |
        Depths |   6205 |   5699 |    506 |   2007 |   2316 |   4 | 1551.2 |
         Abyss |   1453 |   1453 |      0 |    292 |    141 |   4 |  363.2 |
      Ziggurat |   6786 |   6786 |      0 |   3154 |      3 |  27 |  251.3 |
        Bazaar |     91 |     91 |      0 |      0 |      0 |   1 |   91.0 |
      Ice Cave |   2443 |   2443 |      0 |   1497 |     81 |   1 | 2443.0 |
       Volcano |    615 |    615 |      0 |    185 |    225 |   1 |  615.0 |
        Wizlab |    404 |    404 |      0 |      0 |    297 |   1 |  404.0 |
               +--------+--------+--------+--------+--------+-----+--------+

Top non-repeatable levels by time:
   Elf:3: 2470 daAuts
   IceCv: 2443 daAuts
Vaults:5: 2367 daAuts
     D:8: 2324 daAuts
 Crypt:3: 2228 daAuts
Depths:3: 2163 daAuts
   Elf:2: 1984 daAuts
   Elf:1: 1939 daAuts
     D:9: 1709 daAuts
    D:15: 1648 daAuts
Depths:2: 1587 daAuts
  Lair:5: 1542 daAuts
Shoals:1: 1457 daAuts
Vaults:1: 1429 daAuts
Vaults:3: 1417 daAuts
